 Dungeon Crawl Stone Soup version 0.31.0 (webtiles) character file.

Game seed: 11300634991113788219

64 qw the Shooter (level 4, -1/28 HPs)
             Began as a Gargoyle Hunter on Jan 19, 2024.
             Slain by a bombardier beetle (2 damage)
             ... on level 3 of the Dungeon.
             The game lasted 00:00:07 (2046 turns).

qw the Shooter (Gargoyle Hunter)                    Turns: 2046, Time: 00:00:07

Health: -1/28      AC: 11    Str: 11 (13) XL:     4   Next: 12%
Magic:  4/4        EV: 10    Int: 12 (14) God:
Gold:   77         SH:  0    Dex: 12 (14) Spells: 3/3 levels left

rFire   . . .        a - +1 shortbow (heavy)
rCold   . . .        (shield currently unavailable)
rNeg    + . .        e - +0 ring mail
rPois   inf          (no helmet)
rElec   +            l - +0 cloak
rCorr   .            (no gloves)
SInv    .            j - +1 pair of boots
Will    .....        (no amulet)
Stlth   +            (no ring)
HPRegen 0.24/turn    (no ring)
MPRegen 0.09/turn

%: no passive effects
@: on fire, glowing
A: sickness immunity, AC +3, negative energy resistance 1, electricity
resistance, torment resistance 1, petrification resistance, clever 1
a: no special abilities


You were on level 3 of the Dungeon.
You visited 1 branch of the dungeon, and saw 3 of its levels.

You collected 77 gold pieces.


Innate Abilities, Weirdness & Mutations

You are immune to sickness and miasma.
Your stone body is resilient. (AC +3)
You are immune to poison.
You resist negative energy. (rN+)
You are resistant to electric shocks. (rElec)
You are resistant to unholy torment.
You are immune to petrification.
Your mind is acute. (Int +4, Str/Dex -1)


   Skills:
 - Level 3.0 Fighting
 + Level 5.0 Ranged Weapons
 - Level 1.0 Armour
 - Level 1.5 Dodging
 - Level 1.1 Stealth


You had 3 spell levels left.
You didn't know any spells.
Your spell library was empty.

Inventory:

Hand Weapons
 a - a +1 heavy shortbow (weapon)
Armour
 c - a +1 ring mail of cold resistance
 e - a +0 ring mail (worn)
 j - a +1 pair of boots (worn)
 l - a +0 cloak (worn)
Potions
 b - a potion of brilliance {unknown}
 d - a potion of cancellation {unknown}
 i - a potion of curing {unknown}
 k - a potion of heal wounds
 m - a potion of might {unknown}

Dungeon Overview and Level Annotations

Branches:
Dungeon (3/15)

Altars:

Shops:
D:2 [


Message History

You kill the endoplasm!
You see here 8 stones.
Found a sling.
You see here a +0 sling.
Found a chain mail.
d - a purple potion A goblin and a kobold come into view.
The goblin is wielding a +0 dagger of draining.
You shoot an arrow. The arrow closely misses the goblin.
The arrow hits the kobold!
You kill the kobold!
You shoot an arrow. The arrow hits the goblin!
You kill the goblin!
You see here a +0 dagger of draining.
You see here a +0 whip.
A kobold comes into view. It is wielding a +0 club.
The kobold shouts!
You shoot an arrow. The arrow hits the kobold!
You kill the kobold!
A bombardier beetle comes into view.
The bombardier beetle sprays incendiary fluid at you.
The burning spray hits you.
You are covered in liquid fire!
You shoot an arrow. The arrow hits the bombardier beetle!
The bombardier beetle is heavily wounded.
The liquid fire burns you!
You shoot an arrow.
The arrow barely misses the bombardier beetle.
The liquid fire burns you!
You shoot an arrow. The arrow hits the bombardier beetle.
The bombardier beetle is severely wounded.
The liquid fire burns you!
The bombardier beetle sprays incendiary fluid at you.
The burning spray hits you.
You are even more covered in liquid fire!
You shoot an arrow.
The arrow barely misses the bombardier beetle.
The liquid fire burns you! The bombardier beetle bites you. x2
You die...

##......# #......#
........# #.####.#
##....#)# #....#.#
###....# #.##.#.#
####.#######......#
#
#).........###.###.#
####.##....###.....#
###.#..............
#.@.#.#######.#####
#B#)#. #.##... #.#.#
#.##.## ....# #....#
##.### #.##.## ..
#.##... ## ##.##.#.
# ...#.#. #####..##
##.#.#.


You could see a bombardier beetle.

Vanquished Creatures
  An adder (D:3)
  A ribbon worm (D:2)
  An orc (D:3)
  3 ball pythons
  6 endoplasms
  6 giant cockroaches
  4 hobgoblins (D:2)
  5 kobolds
  6 quokkas
  7 bats
  3 frilled lizards
  2 goblins
  2 rats (D:2)
47 creatures vanquished.

Notes
Turn   | Place    | Note
-------+----------+-------------------------------------------
     0 | D:1      | qw the Gargoyle Hunter began the quest for the Orb.
     0 | D:1      | Reached XP level 1. HP: 12/12 MP: 1/1
     0 | D:1      | 0 ||| qw: Version: 0.3-a-132-g3d54051
     0 | D:1      | 0 ||| qw: Game counter: 211
     0 | D:1      | 0 ||| qw: Melee chars always use a shield: true
     0 | D:1      | 0 ||| qw: God list: Okawaru
     0 | D:1      | 0 ||| qw: Allow faded altars: false
     0 | D:1      | 0 ||| qw: Do Orc after clearing Dungeon:15 true
     0 | D:1      | 0 ||| qw: Do second Lair branch before Depths: true
     0 | D:1      | 0 ||| qw: Lair rune preference: random
     0 | D:1      | 0 ||| qw: Goals: Normal
     0 | D:1      | 0 ||| PLANNING D:1-11
   172 | D:1      | Reached XP level 2. HP: 17/17 MP: 2/2
   630 | D:1      | 630 ||| UPGRADING to +0 ring mail.
   640 | D:1      | 640 ||| DROPPING +0 leather armour.
   641 | D:1      | 641 ||| UPGRADING to +0 pair of boots.
   646 | D:1      | 646 ||| READING scroll labelled QYILOKU XANESO.
   646 | D:1      | 646 ||| ENCHANTING +0 shortbow.
   647 | D:1      | 647 ||| READING 2 scrolls labelled GOPEEL ATOMO.
   648 | D:1      | 648 ||| READING scroll labelled URPHIR PUSIBU.
   649 | D:1      | 649 ||| READING scroll labelled UPPOINLE LAEC.
   649 | D:1      | 649 ||| ENCHANTING +0 pair of boots.
   650 | D:1      | 650 ||| DRINKING 3 glowing pink potions.
   651 | D:1      | 651 ||| DROPPING scroll of butterflies.
   652 | D:1      | 652 ||| DROPPING 2 potions of attraction.
   653 | D:1      | 653 ||| DROPPING scroll of blinking.
   775 | D:2      | Reached XP level 3. HP: 21/21 MP: 3/3
   821 | D:2      | Reached skill level 1 in Armour
   821 | D:2      | 821 ||| FLEEEEING.
  1088 | D:2      | 1088 ||| FLEEEEING.
  1119 | D:2      | Found Zygoi's Armour Boutique.
  1127 | D:2      | 1127 ||| SHOPLISTING +0 ring mail of cold resistance (143
                  | gold, have 30).
  1127 | D:2      | 1127 ||| SHOPLISTING +1 cloak (149 gold, have 30).
  1127 | D:2      | 1127 ||| SHOPLISTING +1 robe of willpower (165 gold, have
                  | 30).
  1313 | D:2      | Reached skill level 5 in Ranged Weapons
  1658 | D:2      | 1658 ||| UPGRADING to +0 cloak.
  1663 | D:2      | 1663 ||| READING scroll labelled UFOCWEX VICA.
  1764 | D:2      | 1764 ||| READING scroll labelled YCUCUL NODUG.
  1764 | D:2      | 1764 ||| BRANDING +1 shortbow.
  1765 | D:2      | 1765 ||| DRINKING 2 smoky black potions.
  1766 | D:2      | 1766 ||| DRINKING fuming emerald potion.
  1767 | D:2      | 1767 ||| DRINKING silvery potion.
  1768 | D:2      | 1768 ||| DRINKING metallic orange potion.
  1768 | D:2      | Gained mutation: Your mind is acute. (Int +4, Str/Dex -1)
                  | [potion of mutation]
  1769 | D:2      | 1769 ||| DRINKING 2 coppery potions.
  1770 | D:2      | 1770 ||| DRINKING 2 puce potions.
  1771 | D:2      | 1771 ||| DROPPING potion of ambrosia.
  1772 | D:2      | 1772 ||| DROPPING potion of degeneration.
  1829 | D:3      | Found a faded altar of an unknown god.
  1939 | D:3      | Reached skill level 3 in Fighting
  1939 | D:3      | Reached XP level 4. HP: 28/28 MP: 4/4
  2046 | D:3      | HP: 4/28 [burnt (8)]
  2046 | D:3      | HP: 1/28 [bombardier beetle (3)]
  2046 | D:3      | Slain by a bombardier beetle

Levels and vault maps discovered:
D:1:      wander_arrival_estate, layout_loops_ring
D:2:      minmay_skewed_foursquare, layout_loops_ring, serial_shops, shop,
          serial_forest, infiniplex_forest_straight_4, infiniplex_forest_end_2,
          infiniplex_forest_corner_1, infiniplex_forest_zigzag_1,
          infiniplex_forest_lined_corner, infiniplex_forest_clump_C,
          infiniplex_forest_clump_long, infiniplex_forest_lined_corner,
          infiniplex_forest_clump_cross, infiniplex_forest_end_double
D:3:      layout_loops_ring, mainiacjoe_overflow_alcove_2,
          nicolae_ashenzari_panopticon, ebering_ecumenical_altar_hall,
          minmay_misc_feat_doors, grunt_decor_arrowhead

Skill      XL: |  1  2  3 |
---------------+----------+-----
Armour         | 1 |  1.0
Ranged Weapons | 5 |  5.0
Fighting       | 3 |  3.0
Dodging        | |  1.5
Stealth        | |  1.1

Action                     |  1- 3 |  4- 6 || total
---------------------------+-------+-------++-------
   Fire: Shortbow          |   134 |     8 ||   142
    Use: Scroll            |     6 |       ||     6
         Potion            |     7 |       ||     7
 Armour: Leather armour    |    15 |       ||    15
         Ring mail         |    20 |     2 ||    22
  Dodge: Dodged            |    44 |       ||    44

Table legend:
 A = Non-vault XP
 B = Vault XP
 C = Vault XP percentage of total XP
 D = Non-vault monster count
 E = Vault monster count
 F = Vault count percentage of total count
                 A         B        C        D         E       F
            +---------+---------+-------+---------+---------+-------
      Total |      83 |       9 |   9.8 |      43 |       4 |   8.5
            +---------+---------+-------+---------+---------+-------
        D:1 |      29 |       0 |   0.0 |      17 |       0 |   0.0
        D:2 |      19 |       9 |  32.1 |      13 |       4 |  23.5
        D:3 |      35 |       0 |   0.0 |      13 |       0 |   0.0
            +---------+---------+-------+---------+---------+-------
